 Dungeon Crawl Stone Soup version 0.24.0-2-g5b39cebb1c (webtiles) character file.

Game seed: 16923414550348556525, levelgen mode: deterministic

1033 Mrkan the Ruffian (level 8, -1/83 HPs)
             Began as a Troll Monk on Oct 31, 2019.
             Was a Priest of Dithmenos.
             Slain by a bullfrog (2 damage)
             ... in a sewer.
             The game lasted 00:11:14 (3968 turns).

Mrkan the Ruffian (Troll Monk)                      Turns: 3968, Time: 00:11:15

Health: -1/83      AC:  6    Str: 18 (20) XL:     8   Next: 3%
Magic:  7/7        EV: 10    Int:  6 (8)  God:    Dithmenos [***...]
Gold:   283        SH:  0    Dex: 11 (12) Spells: 7/7 levels left

rFire    . . .     SeeInvis .     - Unarmed
rCold    . . .     Gourm    +   (no shield)
rNeg     . . .     Faith    .   a - +0 robe
rPois    .         Spirit   .   (helmet restricted)
rElec    .         Reflect  .   (no cloak)
rCorr    .         Harm     .   (gloves unavailable)
MR       .....                  (boots unavailable)
Stlth    ++........             (no amulet)
HPRegen  0.63/turn              (no ring)
MPRegen  0.10/turn              (no ring)

@: lethally poisoned (-1 -> -2), wreathed by umbra, very slow
A: large, unfitting armour, claws 3, fast metabolism 3, gourmand, regeneration
1, shaggy fur 1, tough skin 3
a: Shadow Step, Renounce Religion


You were in a sewer.
You worshipped Dithmenos.
Dithmenos was most pleased with you.
You were very full.

You visited 1 branch of the dungeon, and saw 5 of its levels.
You also visited: Sewer.

You collected 283 gold pieces.

Inventory:

Armour
 a - a +0 robe (worn)
Jewellery
 k - a +3 ring of evasion {unknown}
 n - an uncursed ring of poison resistance {unknown}
 r - the ring of Xom's Sleight of Hands {*Tele rElec rC+ rN+, unknown}
   (You found it on level 4 of the Dungeon)

   [ring of teleportation]

   It may teleport you next to monsters.
   It protects you from cold.
   It insulates you from electricity.
   It protects you from negative energy.
Scrolls
 c - 2 scrolls of fear {unknown}
 f - 4 scrolls of teleportation {unknown}
 g - 2 scrolls of enchant armour {unknown}
 j - 3 scrolls of fog {unknown}
 m - 2 scrolls of identify {unknown}
 p - a scroll of amnesia {unknown}
 q - 3 scrolls of blinking {unknown}
 s - a scroll of noise {unknown}
 u - a scroll of remove curse {unknown}
 v - a scroll of magic mapping {unknown}
Potions
 d - a potion of degeneration
 e - a potion of agility {unknown}
 h - 2 potions of haste {unknown}
 i - a potion of brilliance {unknown}
 l - a potion of heal wounds {unknown}
 o - a potion of ambrosia {unknown}
 w - a potion of curing {unknown}
 x - 3 potions of magic {unknown}
Comestibles
 b - 11 rations
 t - 10 chunks of flesh


   Skills:
 - Level 6.0 Fighting
 - Level 2.4 Dodging
 - Level 1.0 Stealth
 * Level 7.2 Unarmed Combat


You had 7 spell levels left.
You didn't know any spells.
Your spell library was empty.

Dungeon Overview and Level Annotations

Branches:
Dungeon (5/15)              Sewer (1/1)
 Temple: D:4-7

Altars:
Cheibriados
Dithmenos
Elyvilon
Fedhas
Vehumet
Xom

Shops:
D:4 [


Innate Abilities, Weirdness & Mutations

You are too large for most types of armour.
You have claws for hands.
Your metabolism is lightning-fast.
You like to eat raw meat.
Your natural rate of healing is unusually fast.
You are covered in fur. (AC +1)
You have extremely tough skin. (AC +3)


Message History

The bullfrog hits you.
* * * LOW HITPOINT WARNING * * *
The ball python barely misses you. The ball python closely misses you.
You scratch the adder.
You kill the adder!
Dithmenos accepts your kill.
You feel sick. The bullfrog closely misses you. The bullfrog hits you.
* * * LOW HITPOINT WARNING * * *
The ball python bites you but does no damage.
The frilled lizard closely misses you. The ball python closely misses you.
The bullfrog hits you but does no damage.
* * * LOW HITPOINT WARNING * * *
You feel sick. The bullfrog barely misses you.
The ball python bites you but does no damage. x2
The frilled lizard closely misses you. The bullfrog closely misses you.
The ball python bites you but does no damage.
The ball python closely misses you.
* * * LOW HITPOINT WARNING * * *
You feel sick. The frilled lizard closely misses you. The bullfrog hits you.
You die...

##...............##
#.......#.........#
#......##'##......##
....÷÷###..##......#
.≈.≈≈.# #..##.≈≈≈.##
≈≈≈≈≈≈# #####≈≈≈≈≈≈#
≈≈÷≈≈≈# #≈≈≈≈≈≈#
≈≈≈÷≈≈# #≈≈≈≈≈≈#
≈≈≈≈≈≈# #≈≈≈@l≈#
≈≈≈≈≈≈# #≈≈lFS≈#
#.≈≈≈## #≈≈SF#l#
.≈)(≈≈# #≈≈≈#l≈#
≈≈≈..## #≈≈≈≈.≈#
≈≈≈≈≈≈# #≈≈≈≈.≈#
≈≈≈≈≈≈# #≈≈≈#≈≈#
≈≈≈≈≈≈# #≈≈≈≈≈≈#
≈≈≈≈≈≈# #≈≈≈≈≈≈#


You could see 2 bullfrogs, 2 ball pythons and 4 frilled lizards.

Vanquished Creatures
  Sigmund (D:4)
  A phantom (D:4)
  An ogre (D:4)
  A centaur (D:5)
  A scorpion (D:4)
  2 bullfrog zombies (D:5)
  A hound (D:5)
  2 orc wizards
  2 orc priests (D:4)
  A bullfrog skeleton (D:4)
  A worker ant (D:5)
  Robin (D:4)
  5 gnolls
  11 adders
  4 river rats (Sewer)
  A worm (D:5)
  A dart slug (D:3)
  2 leopard geckos
  7 orcs
  6 ball pythons (Sewer)
  5 giant cockroaches
  12 goblins
  6 hobgoblins
  7 jackals
  A quokka (D:2)
  11 bats
  8 frilled lizards
  7 kobolds
  30 rats
139 creatures vanquished.

Notes
Turn   | Place    | Note
-------+----------+-------------------------------------------
     0 | D:1      | Mrkan the Troll Monk began the quest for the Orb.
     0 | D:1      | Reached XP level 1. HP: 22/22 MP: 0/0
   108 | D:1      | Reached XP level 2. HP: 24/29 MP: 1/1
   493 | D:1      | Reached skill level 4 in Unarmed Combat
   988 | D:2      | Reached XP level 3. HP: 31/36 MP: 2/2
  1716 | D:3      | Reached XP level 4. HP: 45/45 MP: 3/3
  1726 | D:3      | Found a shadowy altar of Dithmenos.
  1726 | D:3      | Found a radiant altar of Vehumet.
  1730 | D:3      | Found a blossoming altar of Fedhas.
  1730 | D:3      | Found a shimmering altar of Xom.
  1941 | D:3      | Became a worshipper of Dithmenos the Shadowed
  1941 | D:3      | Reached * piety under Dithmenos
  1941 | D:3      | Reached ** piety under Dithmenos
  2201 | D:3      | Found a snail-covered altar of Cheibriados.
  2203 | D:3      | Found a white marble altar of Elyvilon.
  2275 | D:3      | Found a snail-covered altar of Cheibriados.
  2411 | D:4      | Noticed a phantom
  2476 | D:4      | Killed a phantom
  2476 | D:4      | Reached XP level 5. HP: 45/55 MP: 4/4
  2635 | D:4      | Reached skill level 5 in Fighting
  2658 | D:4      | Noticed Sigmund
  2666 | D:4      | Killed Sigmund
  2666 | D:4      | Reached XP level 6. HP: 49/67 MP: 5/5
  2697 | D:4      | Noticed Robin
  2705 | D:4      | Killed Robin
  2800 | D:4      | Reached XP level 7. HP: 45/75 MP: 6/6
  2958 | D:4      | Got a scintillating brass ring
  3192 | D:4      | Reached skill level 5 in Unarmed Combat
  3214 | D:4      | Found Koehuim's Armour Boutique.
  3321 | D:5      | Entered Level 5 of the Dungeon
  3340 | D:5      | Reached skill level 6 in Unarmed Combat
  3614 | D:5      | Found a glowing drain.
  3622 | D:5      | Reached *** piety under Dithmenos
  3625 | Sewer    | Entered a sewer
  3730 | Sewer    | Reached skill level 7 in Unarmed Combat
  3876 | Sewer    | Reached XP level 8. HP: 83/83 MP: 7/7
  3965 | Sewer    | HP: 4/83 [bullfrog (1)]
  3968 | Sewer    | HP: 1/83 [poisoned by an adder]
  3968 | Sewer    | Slain by a bullfrog

Levels and vault maps discovered:
D:1:      wander_arrival_chamber, layout_basic
D:2:      layout_basic, kennysheep_generic_room_2
D:3:      layout_loops_cross, chequers_temple_overflow_statue_of_worship,
          grunt_temple_overflow_open, cheibriados_altar_1
D:4:      layout_loops_ring, serial_shops, nicolae_shop_trees, uniq_sigmund,
          uniq_robin
D:5:      layout_cave_pools, lemuel_zombie_altar_yredelemnul,
          portal_sewer_entry_a, first_ration, uniq_prince_ribbit1
Sewer:    sewer_minmay_w

Skill      XL: |  1  2  3  4  5  6  7 |
---------------+----------------------+-----
Unarmed Combat | 4 7 |  7.2
Fighting       | 3 4 5 6 |  6.0
Dodging        | |  2.4
Stealth        | |  1.0

Action                   |  1- 3 |  4- 6 |  7- 9 || total
-------------------------+-------+-------+-------++-------
Melee: Unarmed           |    87 |   131 |   150 ||   368
       Punch             |     2 |     5 |     4 ||    11
  Use: Potion            |       |       |     1 ||     1
 Stab: Sleeping          |     1 |     2 |     2 ||     5
  Eat: Chunk             |    21 |    10 |    11 ||    42
Armor: Robe              |    41 |    43 |    91 ||   175
Dodge: Dodged            |    46 |    92 |   184 ||   322
